[Event "CZE-ch Youth B12 2022"]
[Site "Luhacovice"]
[Date "2022.03.14"]
[Round "4.7"]
[White "Stary, Vojtech"]
[Black "Pasek, Josef"]
[Result "1-0"]
[ECO "B07"]
[WhiteElo "1640"]
[BlackElo "1351"]
[Annotator "NA"]
[PlyCount "105"]
[EventDate "2022.03.12"]
[EventType "swiss"]
[EventCountry "CZE"]
[SourceTitle "playchess.com"]
[Source "ChessBase"]
[SourceQuality "1"]
[TimeControl "5400+30"]

1. d4 Nf6 2. Nc3 g6 3. e4 d6 4. Bg5 Bg7 5. e5 dxe5 6. dxe5 Qxd1+ 7. Rxd1 Ng8 8. Nb5 Na6 9. Nf3 c6 10. Nbd4 Nc7 11. Bc4 a6 12. O-O b5 13. Bd3 c5 14. Nc6 Bb7 15. Be4 Ne6 16. Rfe1 Rc8 17. Na5 Bxe4 18. Rxe4 h5 19. Bc1 Nh6 20. c3 O-O 21. Ng5 Rfd8 22. Rde1 Nxg5 23. Bxg5 Nf5 24. h3 h4 25. c4 b4 26. Nb3 Bh6 27. Bxh6 Nxh6 28. Rxh4 Nf5 29. Rhe4 e6 30. R4e2 Nd4 31. Nxd4 Rxd4 32. b3 Rcd8 33. f3 Kh7 34. Kf2 Kh6 35. Re4 Rd2+ 36. R1e2 g5 37. g4 R8d4 38. Rxd2 Rxd2+ 39. Re2 Rd4 40. Ke3 Kg6 41. Rd2 Rxd2 42. Kxd2 f6 43. Ke3 f5 44. f4 fxg4 45. hxg4 gxf4+ 46. Kxf4 a5 47. Kf3 Kh6 48. Kg3 Kg5 49. Kh3 Kf4 50. Kh4 Kxe5 51. g5 Kd6 52. g6 Ke7 53. Kg5 1-0

[Event "CZE-ch Youth B12 2022"]
[Site "Luhacovice"]
[Date "2022.03.14"]
[Round "4.8"]
[White "Kutil, Adam"]
[Black "Stejskal, Jakub"]
[Result "0-1"]
[ECO "D32"]
[WhiteElo "1544"]
[BlackElo "1557"]
[Annotator "NA"]
[PlyCount "72"]
[EventDate "2022.03.12"]
[EventType "swiss"]
[EventCountry "CZE"]
[SourceTitle "playchess.com"]
[Source "ChessBase"]
[SourceQuality "1"]
[TimeControl "5400+30"]

1. d4 d5 2. c4 e6 3. Nc3 c5 4. cxd5 exd5 5. dxc5 d4 6. Ne4 Nc6 7. Bf4 Nf6 8. Bg5 Be7 9. Bxf6 Bxf6 10. Nd6+ Ke7 11. Nf3 Qa5+ 12. Nd2 Qxc5 13. N2e4 Qb4+ 14. Qd2 Qxd2+ 15. Kxd2 Rd8 16. Nxf6 Kxf6 17. Ne4+ Ke7 18. g3 b6 19. Bg2 Bb7 20. Ng5 h6 21. Rac1 Rac8 22. Bxc6 Bxc6 23. Nf3 d3 24. Rhe1 dxe2+ 25. Kxe2 Bb5+ 26. Ke3 Rxc1 27. Rxc1 Rd3+ 28. Kf4 g5+ 29. Nxg5 hxg5+ 30. Kxg5 Rd2 31. Re1+ Kf8 32. Re5 Rxb2 33. h4 Bd3 34. f4 Kg7 35. f5 f6+ 36. Kh5 fxe5 0-1

[Event "CZE-ch Youth B12 2022"]
[Site "Luhacovice"]
[Date "2022.03.14"]
[Round "4.9"]
[White "Jansky, Adam"]
[Black "Mydlar, Matej"]
[Result "1-0"]
[ECO "B28"]
[WhiteElo "1233"]
[BlackElo "1554"]
[Annotator "NA"]
[PlyCount "49"]
[EventDate "2022.03.12"]
[EventType "swiss"]
[EventCountry "CZE"]
[SourceTitle "playchess.com"]
[Source "ChessBase"]
[SourceQuality "1"]
[TimeControl "5400+30"]

1. e4 c5 2. Nf3 a6 3. d4 cxd4 4. Nxd4 e5 5. Nf3 Nf6 6. Nc3 Nc6 7. Bc4 Bb4 8. O-O O-O 9. Bg5 b5 10. Bd5 h6 11. Bh4 Qc7 12. Bxf6 gxf6 13. Nh4 d6 14. Qh5 Kg7 15. Rae1 Rh8 16. Re3 Bb7 17. Nf5+ Kf8 18. Rg3 Bxc3 19. Rxc3 Qd7 20. Nxd6 Nd8 21. Nxb7 Nxb7 22. Qh4 Ke7 23. Rf3 Raf8 24. Qxf6+ Ke8 25. Bc6 1-0

[Event "CZE-ch Youth B12 2022"]
[Site "Luhacovice"]
[Date "2022.03.14"]
[Round "4.10"]
[White "Knapek, Jan"]
[Black "Kozdon, Marek"]
[Result "0-1"]
[ECO "B42"]
[WhiteElo "1340"]
[BlackElo "1183"]
[Annotator "NA"]
[PlyCount "100"]
[EventDate "2022.03.12"]
[EventType "swiss"]
[EventCountry "CZE"]
[SourceTitle "playchess.com"]
[Source "ChessBase"]
[SourceQuality "1"]
[TimeControl "5400+30"]

1. e4 c5 2. Nf3 e6 3. d4 cxd4 4. Nxd4 a6 5. Bd3 Qc7 6. O-O d6 7. c4 b6 8. Nc3 Bb7 9. f4 Nd7 10. f5 e5 11. Nc2 Ngf6 12. g4 Nc5 13. g5 Nfxe4 14. Bxe4 Nxe4 15. Nxe4 Bxe4 16. Qe2 Bxc2 17. Qxc2 Rc8 18. Qa4+ Kd8 19. Qxa6 Qc5+ 20. Rf2 Qxc4 21. Qxb6+ Qc7 22. Qxc7+ Rxc7 23. Be3 Kd7 24. Rc1 Rxc1+ 25. Bxc1 Be7 26. b3 d5 27. h4 Bc5 28. Kg2 Bxf2 29. Kxf2 g6 30. f6 Rc8 31. Be3 Rc2+ 32. Kf3 Rxa2 33. b4 Ra3 34. Ke2 Rxe3+ 35. Kxe3 Kc6 36. Kf3 Kb5 37. Kg4 Kxb4 38. h5 d4 39. hxg6 hxg6 40. Kf3 Kc3 41. Ke2 Kc2 42. Ke1 d3 43. Kf2 d2 44. Ke3 d1=Q 45. Ke4 Qd4+ 46. Kf3 e4+ 47. Ke2 Qd2+ 48. Kf1 e3 49. Kg1 e2 50. Kh1 e1=R# 0-1

[Event "CZE-ch Youth B12 2022"]
[Site "Luhacovice"]
[Date "2022.03.14"]
[Round "4.11"]
[White "Letal, Hynek"]
[Black "Tejnor, Martin"]
[Result "0-1"]
[ECO "B90"]
[WhiteElo "1371"]
[BlackElo "1367"]
[Annotator "NA"]
[PlyCount "36"]
[EventDate "2022.03.12"]
[EventType "swiss"]
[EventCountry "CZE"]
[SourceTitle "playchess.com"]
[Source "ChessBase"]
[SourceQuality "1"]
[TimeControl "5400+30"]

1. e4 c5 2. Nf3 d6 3. d4 cxd4 4. Nxd4 Nf6 5. Nc3 a6 6. Bc4 e6 7. Bg5 b5 8. Bb3 Be7 9. O-O Bb7 10. Re1 Nbd7 11. f4 h6 12. e5 dxe5 13. fxe5 Nh7 14. Bxe6 Nxg5 15. Rf1 O-O 16. Bf5 Nxe5 17. Re1 Bc5 18. Nce2 Qd5 0-1

[Event "CZE-ch Youth B12 2022"]
[Site "Luhacovice"]
[Date "2022.03.14"]
[Round "4.12"]
[White "Topencik, Bruno"]
[Black "Ruzicka, Oto"]
[Result "1-0"]
[ECO "C47"]
[WhiteElo "1339"]
[BlackElo "1233"]
[Annotator "NA"]
[PlyCount "103"]
[EventDate "2022.03.12"]
[EventType "swiss"]
[EventCountry "CZE"]
[SourceTitle "playchess.com"]
[Source "ChessBase"]
[SourceQuality "1"]
[TimeControl "5400+30"]

1. e4 e5 2. Nf3 Nc6 3. Bc4 Nf6 4. Nc3 Nxe4 5. Nxe4 d5 6. Bb5 dxe4 7. Bxc6+ bxc6 8. Nxe5 Qd6 9. Nc4 Qe6 10. Ne3 Bd6 11. d3 f5 12. O-O O-O 13. Nc4 Bc5 14. Be3 Bxe3 15. fxe3 Ba6 16. b3 Rad8 17. Qe2 Rd7 18. d4 Rfd8 19. c3 c5 20. Rad1 cxd4 21. Rxd4 Rxd4 22. cxd4 c5 23. Rd1 cxd4 24. Rxd4 Rxd4 25. exd4 e3 26. g3 Qe7 27. Qxe3 Qd7 28. Kf2 Bb5 29. Qe5 Bc6 30. Qb8+ Qe8 31. Qxe8+ Bxe8 32. Ke3 Bd7 33. Kf4 h6 34. h4 Kf8 35. a4 Ke7 36. d5 Kd8 37. Ne3 g6 38. Nc4 Ke7 39. Ke5 Be8 40. Nb2 Bd7 41. Nd3 h5 42. d6+ Kf7 43. Nc5 Bc6 44. b4 Bf3 45. b5 Be2 46. Nb7 Ke8 47. Nc5 Kf7 48. Kf4 Bd1 49. a5 Be2 50. b6 axb6 51. axb6 Bf3 52. Kxf3 1-0

[Event "CZE-ch Youth B12 2022"]
[Site "Luhacovice"]
[Date "2022.03.15"]
[Round "5.1"]
[White "Mikulka, Martin Michael"]
[Black "Roubal, Matyas"]
[Result "1-0"]
[ECO "C13"]
[WhiteElo "1406"]
[BlackElo "1870"]
[Annotator "NA"]
[PlyCount "77"]
[EventDate "2022.03.12"]
[EventType "swiss"]
[EventCountry "CZE"]
[SourceTitle "playchess.com"]
[Source "ChessBase"]
[SourceQuality "1"]
[TimeControl "5400+30"]

1. d4 d5 2. Nc3 e6 3. e4 Nf6 4. Bg5 Be7 5. e5 Nfd7 6. h4 c5 7. Bxe7 Qxe7 8. Nb5 $1 Kd8 9. Qg4 f6 10. exf6 (10. f4 $1 $14) 10... gxf6 (10... Nxf6 $15 11. Qf4 Rf8 12. Qd6+ Qxd6 13. Nxd6 cxd4 14. Nxc8 Kxc8) 11. O-O-O (11. Qg3 $14 Na6 12. O-O-O) 11... a6 12. Nc3 cxd4 13. Qxd4 Nc6 14. Qd2 b5 15. g3 Kc7 16. Bg2 Nb6 17. Nf3 Kb7 18. Nd4 Rd8 19. Rhe1 (19. Nxc6 $16 Kxc6 20. Qe3) 19... Qb4 20. a3 Qd6 21. Nxc6 Qxc6 22. Qh6 Nc4 23. Qxf6 Rd6 24. Nb1 a5 25. Nd2 b4 (25... Ra6 $142 26. f4 Qc5) 26. Nxc4 Qxc4 27. b3 Qc7 28. a4 Rc6 29. Rd2 Bd7 30. Qe5 (30. Qh6 $18) 30... Qb6 31. Qd4 Qc7 32. Qe5 Qb6 33. Bh3 ({Not} 33. Qg7 Rc7 $16) 33... Rac8 34. Ree2 R8c7 35. Kb1 Rc8 {[#]} 36. Rxd5 $1 exd5 37. Bxd7 Qc5 38. Bxc8+ $18 Rxc8 39. Qe7+ 1-0

[Event "CZE-ch Youth B12 2022"]
[Site "Luhacovice"]
[Date "2022.03.15"]
[Round "5.2"]
[White "Delgerdalai, Bayarjavkhlan"]
[Black "Kroulik, Vaclav"]
[Result "1/2-1/2"]
[ECO "B54"]
[WhiteElo "2074"]
[BlackElo "1645"]
[Annotator "ChessBase"]
[PlyCount "86"]
[EventDate "2022.03.12"]
[EventType "swiss"]
[EventCountry "CZE"]
[SourceTitle "playchess.com"]
[Source "ChessBase"]
[SourceQuality "1"]
[TimeControl "5400+30"]

1. e4 c5 2. Nf3 d6 3. d4 cxd4 4. Nxd4 Nc6 5. c4 g6 6. Be3 Bg7 7. Nc3 Nf6 8. f3 a6 9. Be2 Bd7 10. O-O O-O 11. Qd2 Rc8 12. Rfc1 Nxd4 13. Bxd4 Be6 14. Nd5 Bxd5 15. cxd5 Nd7 16. b4 Bxd4+ 17. Qxd4 Qb6 18. Qxb6 Nxb6 19. a4 Kg7 20. a5 Nd7 21. f4 h5 22. Kf2 Kf6 23. Ke3 e6 24. dxe6 fxe6 25. g3 Rfe8 26. b5 Nc5 27. bxa6 bxa6 28. Rab1 Rb8 29. e5+ Ke7 30. exd6+ Kxd6 31. Rd1+ Ke7 32. Bc4 Nb7 33. Bxa6 Nxa5 34. Bd3 Kf6 35. Rxb8 Rxb8 36. Rc1 Rb2 37. Rc5 Nb7 38. Rg5 Rxh2 39. Rxg6+ Kf7 40. Rh6 Nd6 41. Kd4 Rh3 42. Rh7+ Kf6 43. Rh6+ Kf7 1/2-1/2

[Event "CZE-ch Youth B12 2022"]
[Site "Luhacovice"]
[Date "2022.03.15"]
[Round "5.4"]
[White "Stejskal, Jakub"]
[Black "Martirosyan, David"]
[Result "0-1"]
[ECO "B90"]
[WhiteElo "1557"]
[BlackElo "1725"]
[Annotator "NA"]
[PlyCount "52"]
[EventDate "2022.03.12"]
[EventType "swiss"]
[EventCountry "CZE"]
[SourceTitle "playchess.com"]
[Source "ChessBase"]
[SourceQuality "1"]
[TimeControl "5400+30"]

1. e4 c5 2. Nf3 d6 3. d4 cxd4 4. Nxd4 Nf6 5. Nc3 a6 6. f3 e5 7. Nb3 Be6 8. Be3 Be7 9. Be2 O-O 10. O-O Nbd7 11. Qd2 b5 12. Rfd1 Nb6 13. Na5 Qc7 14. f4 d5 15. fxe5 Nxe4 16. Nxe4 dxe4 17. Rac1 Nd5 18. Nb3 Nxe3 19. Qxe3 Qxe5 20. Bf3 Bg5 21. Qe1 Bxc1 22. Bxe4 f5 23. Bxa8 Be3+ 24. Kh1 Rxa8 25. Rd3 f4 26. g3 Bd5+ 0-1

[Event "CZE-ch Youth B12 2022"]
[Site "Luhacovice"]
[Date "2022.03.15"]
[Round "5.5"]
[White "Vana, Jan"]
[Black "Stary, Vojtech"]
[Result "1/2-1/2"]
[ECO "A34"]
[WhiteElo "1609"]
[BlackElo "1640"]
[Annotator "NA"]
[PlyCount "109"]
[EventDate "2022.03.12"]
[EventType "swiss"]
[EventCountry "CZE"]
[SourceTitle "playchess.com"]
[Source "ChessBase"]
[SourceQuality "1"]
[TimeControl "5400+30"]

1. c4 c5 2. Nc3 Nf6 3. e4 Nc6 4. g3 d6 5. Bg2 Nd4 6. h3 g6 7. Nge2 Bg7 8. O-O O-O 9. d3 Nd7 10. f4 Nb8 11. g4 Nbc6 12. Ng3 f5 13. gxf5 gxf5 14. Nh5 Rf7 15. exf5 Bxf5 16. Ne4 Ne6 17. Neg3 Qf8 18. Nxf5 Rxf5 19. Be4 Rf7 20. Bd5 Bd4+ 21. Kh2 Ng7 22. Bxf7+ Qxf7 23. Nxg7 Kxg7 24. Qf3 Kh8 25. Be3 Rg8 26. Rg1 Bxe3 27. Rxg8+ Qxg8 28. Qxe3 Qg7 29. Qf2 Nd4 30. Rg1 Qf7 31. Rg4 Nf5 32. Qf3 e6 33. a3 Nd4 34. Qf2 Qf5 35. Qg2 Qf7 36. Qe4 Nf5 37. b4 a6 38. bxc5 dxc5 39. Qe5+ Ng7 40. Rg2 h6 41. Qxc5 Qxf4+ 42. Kh1 Qf3 43. Qf2 Qxh3+ 44. Rh2 Qxd3 45. Rxh6+ Kg8 46. Rf6 Qd1+ 47. Kg2 Qg4+ 48. Kh2 Qh5+ 49. Kg1 Qd1+ 50. Qf1 Qg4+ 51. Kh2 Qh5+ 52. Kg1 Qg4+ 53. Kf2 Qd4+ 54. Ke1 Qc3+ 55. Kd1 1/2-1/2

[Event "CZE-ch Youth B12 2022"]
[Site "Luhacovice"]
[Date "2022.03.15"]
[Round "5.6"]
[White "Sotek, Simon"]
[Black "Soucek, Andrej"]
[Result "0-1"]
[ECO "D85"]
[WhiteElo "1280"]
[BlackElo "1399"]
[Annotator "NA"]
[PlyCount "86"]
[EventDate "2022.03.12"]
[EventType "swiss"]
[EventCountry "CZE"]
[SourceTitle "playchess.com"]
[Source "ChessBase"]
[SourceQuality "1"]
[TimeControl "5400+30"]

1. d4 Nf6 2. c4 g6 3. Nc3 d5 4. cxd5 Nxd5 5. e4 Nxc3 6. bxc3 Bg7 7. Nf3 c5 8. Bc4 Nc6 9. Be3 cxd4 10. Nxd4 O-O 11. O-O Na5 12. Bb3 Nxb3 13. Qxb3 a6 14. Rad1 Qc7 15. Rd3 e5 16. Ne2 Be6 17. Qb2 b5 18. f3 Bc4 19. Rd2 Rfd8 20. Rfd1 f5 21. Rxd8+ Rxd8 22. Rxd8+ Qxd8 23. Kf2 f4 24. Bc1 Qh4+ 25. Kf1 Qxh2 26. Qd2 Qh1+ 27. Kf2 Qh4+ 28. Kg1 Bf8 29. Nd4 exd4 30. cxd4 Qg3 31. Qxf4 Qxf4 32. Bxf4 Bxa2 33. d5 b4 34. d6 Be6 35. Kf2 b3 36. Bc1 Bxd6 37. Bb2 a5 38. Ke3 a4 39. Kd2 a3 40. Kc1 axb2+ 41. Kxb2 Be5+ 42. Kb1 b2 43. f4 Bd4 0-1

[Event "CZE-ch Youth B12 2022"]
[Site "Luhacovice"]
[Date "2022.03.15"]
[Round "5.7"]
[White "Kozdon, Marek"]
[Black "Krautschneider, Daniel Jan"]
[Result "0-1"]
[ECO "D96"]
[WhiteElo "1183"]
[BlackElo "1304"]
[Annotator "NA"]
[PlyCount "116"]
[EventDate "2022.03.12"]
[EventType "swiss"]
[EventCountry "CZE"]
[SourceTitle "playchess.com"]
[Source "ChessBase"]
[SourceQuality "1"]
[TimeControl "5400+30"]

1. d4 Nf6 2. Nf3 g6 3. c4 Bg7 4. Nc3 d5 5. Qb3 c6 6. cxd5 cxd5 7. Bg5 Nc6 8. e3 O-O 9. Be2 Be6 10. Qxb7 Qd6 11. Bf4 Qd7 12. Qxd7 Nxd7 13. O-O Nb6 14. Rac1 Rac8 15. Ba6 Rcd8 16. Ne2 Nb4 17. Bb5 a6 18. Bc7 axb5 19. Bxb6 Rc8 20. a3 Nd3 21. Rxc8 Rxc8 22. b4 h6 23. Bc5 Kf8 24. Nc1 Nxc5 25. dxc5 Bb2 26. Nd4 Bxd4 27. exd4 Ra8 28. Nd3 Rxa3 29. Ne5 Ke8 30. Rb1 Bf5 31. Rc1 f6 32. Nc6 Kd7 33. Na5 Rd3 34. h3 Rxd4 35. c6+ Kc7 36. g4 Be4 37. Re1 e5 38. Re3 Rxb4 39. f3 Bb1 40. Rc3 d4 41. Rc1 d3 42. Rd1 Bc2 43. Rd2 Kb6 44. Nb7 Kxc6 45. Nd8+ Kd5 46. Kf2 Kd4 47. Nc6+ Kc3 48. Nxb4 Kxb4 49. Ke3 Kc3 50. h4 b4 51. f4 exf4+ 52. Kxf4 Kxd2 53. g5 fxg5+ 54. Kf3 Kc1 55. h5 gxh5 56. Kf2 d2 57. Kg3 d1=Q 58. Kf2 Kd2 0-1

[Event "CZE-ch Youth B12 2022"]
[Site "Luhacovice"]
[Date "2022.03.15"]
[Round "5.8"]
[White "Kutil, Adam"]
[Black "Jansky, Adam"]
[Result "1-0"]
[ECO "C88"]
[WhiteElo "1544"]
[BlackElo "1233"]
[Annotator "NA"]
[PlyCount "69"]
[EventDate "2022.03.12"]
[EventType "swiss"]
[EventCountry "CZE"]
[SourceTitle "playchess.com"]
[Source "ChessBase"]
[SourceQuality "1"]
[TimeControl "5400+30"]

1. e4 e5 2. Nf3 Nc6 3. Bb5 a6 4. Ba4 Nf6 5. O-O b5 6. Bb3 Be7 7. Re1 O-O 8. d3 d5 9. exd5 Nxd5 10. Nxe5 Nxe5 11. Rxe5 c6 12. Re1 Bb7 13. d4 a5 14. Bxd5 cxd5 15. Qe2 Bf6 16. Qxb5 Qc7 17. c3 Bc6 18. Qd3 Rfe8 19. Be3 Bg5 20. Nd2 Bxe3 21. Rxe3 Rxe3 22. Qxe3 Re8 23. Qd3 Qb7 24. Qc2 Re2 25. b3 Qe7 26. Qd1 Re6 27. Nf1 Bd7 28. Ne3 Rg6 29. Nxd5 Qd6 30. Ne3 Bh3 31. Qf3 Bc8 32. Qa8 Qc7 33. Nd5 Qd8 34. Re1 h6 35. Qxc8 1-0

[Event "CZE-ch Youth B12 2022"]
[Site "Luhacovice"]
[Date "2022.03.15"]
[Round "5.9"]
[White "Chon, Jeremy"]
[Black "Pasek, Josef"]
[Result "1-0"]
[ECO "A48"]
[WhiteElo "1455"]
[BlackElo "1351"]
[Annotator "NA"]
[PlyCount "43"]
[EventDate "2022.03.12"]
[EventType "swiss"]
[EventCountry "CZE"]
[SourceTitle "playchess.com"]
[Source "ChessBase"]
[SourceQuality "1"]
[TimeControl "5400+30"]

1. Nf3 Nf6 2. d4 g6 3. Bf4 Bg7 4. e3 d6 5. h3 O-O 6. Be2 Nbd7 7. O-O Re8 8. c4 e6 9. Nc3 a6 10. b4 Qe7 11. Rc1 Nh5 12. Bh2 f5 13. c5 e5 14. Nd5 Qd8 15. cxd6 Nb6 16. Nxc7 exd4 17. Nxe8 Qxe8 18. Nxd4 f4 19. Bxh5 gxh5 20. Bxf4 Qg6 21. Kh1 Nd5 22. Qb3 1-0

[Event "CZE-ch Youth B12 2022"]
[Site "Luhacovice"]
[Date "2022.03.15"]
[Round "5.10"]
[White "Mydlar, Matej"]
[Black "Knapek, Jan"]
[Result "1-0"]
[ECO "B70"]
[WhiteElo "1554"]
[BlackElo "1340"]
[Annotator "NA"]
[PlyCount "141"]
[EventDate "2022.03.12"]
[EventType "swiss"]
[EventCountry "CZE"]
[SourceTitle "playchess.com"]
[Source "ChessBase"]
[SourceQuality "1"]
[TimeControl "5400+30"]

1. e4 c5 2. Nf3 d6 3. d4 cxd4 4. Nxd4 Nf6 5. Nc3 g6 6. Bg5 Bg7 7. Bc4 O-O 8. Qd2 Nc6 9. Nxc6 bxc6 10. O-O Bb7 11. Rad1 Qc7 12. Bf4 Rad8 13. Bb3 Qd7 14. Qc1 Qc8 15. e5 dxe5 16. Bxe5 Qf5 17. Bc7 Rd7 18. Rxd7 Qxd7 19. Bg3 c5 20. Rd1 Qc8 21. Bc4 Rd8 22. f3 Rxd1+ 23. Qxd1 Qd7 24. Qxd7 Nxd7 25. Bd5 Bxd5 26. Nxd5 e6 27. Ne7+ Kf8 28. Nc6 c4 29. b3 cxb3 30. axb3 a6 31. Nb4 a5 32. Nc6 Ke8 33. Nxa5 Kd8 34. Nc4 Kc8 35. Nd6+ Kb8 36. Nxf7+ Kb7 37. Nd8+ Kb6 38. Bf2+ Kb5 39. Nxe6 Bc3 40. Ng5 h6 41. Ne4 Be5 42. Be1 Nb6 43. Bd2 g5 44. c4+ Kc6 45. Kf2 Nc8 46. b4 Ne7 47. b5+ Kb7 48. Nc5+ Kc8 49. Nd3 Bc7 50. c5 Bxh2 51. Nb2 Nf5 52. Nc4 Bg3+ 53. Kg1 Nd4 54. b6 Kb7 55. Be3 Nc6 56. Bf2 Bf4 57. g3 Ne5 58. Nd6+ Kc6 59. gxf4 gxf4 60. Kg2 h5 61. Bd4 Nd3 62. Nc4 Ne1+ 63. Kf1 h4 64. Kxe1 h3 65. Bg1 Kb7 66. Nd6+ Kb8 67. c6 h2 68. Bxh2 Ka8 69. Bxf4 Kb8 70. Nf7+ Kc8 71. b7# 1-0

[Event "CZE-ch Youth B12 2022"]
[Site "Luhacovice"]
[Date "2022.03.15"]
[Round "5.11"]
[White "Tejnor, Martin"]
[Black "Ruzicka, Oto"]
[Result "1/2-1/2"]
[ECO "C44"]
[WhiteElo "1367"]
[BlackElo "1233"]
[Annotator "NA"]
[PlyCount "98"]
[EventDate "2022.03.12"]
[EventType "swiss"]
[EventCountry "CZE"]
[SourceTitle "playchess.com"]
[Source "ChessBase"]
[SourceQuality "1"]
[TimeControl "5400+30"]

1. e4 e5 2. Nf3 Nc6 3. d4 exd4 4. Nxd4 Nf6 5. Nc3 Bb4 6. Bg5 O-O 7. Bc4 Re8 8. f3 d5 9. Nxc6 bxc6 10. Bd3 h6 11. Bxf6 Qxf6 12. O-O Bb7 13. Ne2 Rad8 14. Ng3 Rd7 15. c3 Bc5+ 16. Kh1 Red8 17. Qc2 a6 18. Rad1 Ba7 19. Rfe1 Re7 20. Re2 c5 21. exd5 Rxe2 22. Qxe2 Bxd5 23. Re1 Be6 24. Ne4 Qe7 25. Bxa6 Bb6 26. Bc4 Bxc4 27. Qxc4 Kh8 28. Qe2 c4 29. Rd1 Rxd1+ 30. Qxd1 Qe6 31. Qe2 Ba7 32. Ng3 Qb6 33. Qe8+ Kh7 34. Qe4+ g6 35. Qb1 Qe3 36. Ne4 Kg7 37. Qd1 Qb6 38. Qc1 h5 39. h3 c6 40. Kh2 Bb8+ 41. f4 f5 42. Ng5 Qf2 43. Nf3 h4 44. Kh1 Qg3 45. Qd1 Bxf4 46. Qd7+ Kh6 47. Qe8 Kg7 48. Qe7+ Kh6 49. Qe8 Kg7 1/2-1/2

[Event "CZE-ch Youth B12 2022"]
[Site "Luhacovice"]
[Date "2022.03.15"]
[Round "5.12"]
[White "Letal, Hynek"]
[Black "Topencik, Bruno"]
[Result "1/2-1/2"]
[ECO "C48"]
[WhiteElo "1371"]
[BlackElo "1339"]
[Annotator "NA"]
[PlyCount "81"]
[EventDate "2022.03.12"]
[EventType "swiss"]
[EventCountry "CZE"]
[SourceTitle "playchess.com"]
[Source "ChessBase"]
[SourceQuality "1"]
[TimeControl "5400+30"]

1. e4 e5 2. Nf3 Nf6 3. Nc3 Nc6 4. Bb5 d6 5. d3 Be7 6. h3 h6 7. O-O a6 8. Ba4 O-O 9. Be3 Be6 10. Qd2 Rb8 11. Rfe1 b5 12. Bb3 Re8 13. Nh2 Nd4 14. f4 c5 15. fxe5 dxe5 16. Bxe6 fxe6 17. Ne2 Rf8 18. c3 Nxe2+ 19. Qxe2 Qc7 20. Rec1 c4 21. a4 cxd3 22. Qxd3 Qc4 23. Qxc4 bxc4 24. Nf3 Nxe4 25. Nxe5 Rxb2 26. Nxc4 Rb3 27. Bd4 Bf6 28. Na5 Bxd4+ 29. cxd4 Rd3 30. Rd1 Rxd1+ 31. Rxd1 Rd8 32. Nc6 Rd6 33. Rc1 Kf8 34. Kf1 Ng3+ 35. Kf2 Nf5 36. Rc4 Ke8 37. g4 Ne7 38. Ne5 Nd5 39. Kf3 Nb6 40. Rb4 Nd7 41. Nxd7 1/2-1/2

[Event "CZE-ch Youth B12 2022"]
[Site "Luhacovice"]
[Date "2022.03.16"]
[Round "6.2"]
[White "Roubal, Matyas"]
[Black "Delgerdalai, Bayarjavkhlan"]
[Result "1/2-1/2"]
[ECO "B52"]
[WhiteElo "1870"]
[BlackElo "2074"]
[Annotator "ChessBase"]
[PlyCount "91"]
[EventDate "2022.03.12"]
[EventType "swiss"]
[EventCountry "CZE"]
[SourceTitle "playchess.com"]
[Source "ChessBase"]
[SourceQuality "1"]
[TimeControl "5400+30"]

1. e4 c5 2. Nf3 d6 3. Bb5+ Bd7 4. Bxd7+ Nxd7 5. O-O Ngf6 6. Qe2 e6 7. d4 Be7 8. c4 cxd4 9. Nxd4 O-O 10. Nc3 Rc8 11. b3 a6 12. Bb2 Qa5 13. Rad1 Rfe8 14. f4 Bf8 15. Nf3 Ng4 16. Kh1 f5 17. h3 Nh6 18. Ng5 Nc5 19. e5 Qc7 20. Rfe1 Nf7 21. Nxf7 Kxf7 22. g3 dxe5 23. fxe5 Qc6+ 24. Kh2 g6 25. Bc1 Rcd8 26. Bg5 Rxd1 27. Rxd1 h6 28. Bc1 Qc7 29. Bf4 Rd8 30. h4 Rxd1 31. Nxd1 Qd7 32. Nf2 Qd4 33. Qd2 Qxd2 34. Bxd2 Nd7 35. Nd3 Bg7 36. Bc3 g5 37. hxg5 hxg5 38. Kg2 Ke8 39. Kf3 Kd8 40. Ke3 Kc7 41. Kd4 b6 42. Bd2 Nc5 43. Nf2 Nd7 44. Nd3 Nc5 45. Nf2 Nd7 46. Nd3 1/2-1/2

[Event "CZE-ch Youth B12 2022"]
[Site "Luhacovice"]
[Date "2022.03.16"]
[Round "6.3"]
[White "Martirosyan, David"]
[Black "Stary, Vojtech"]
[Result "0-1"]
[ECO "A48"]
[WhiteElo "1725"]
[BlackElo "1640"]
[Annotator "NA"]
[PlyCount "128"]
[EventDate "2022.03.12"]
[EventType "swiss"]
[EventCountry "CZE"]
[SourceTitle "playchess.com"]
[Source "ChessBase"]
[SourceQuality "1"]
[TimeControl "5400+30"]

1. d4 Nf6 2. Nf3 g6 3. c4 Bg7 4. Nc3 O-O 5. Bg5 d6 6. e3 Nbd7 7. Be2 c5 8. O-O Rb8 9. h3 h6 10. Bh4 a6 11. Qc2 Nh7 12. Rfd1 f5 13. Rac1 Nhf6 14. Bg3 b6 15. d5 Ne8 16. Bd3 Nc7 17. a4 a5 18. Qd2 Na6 19. e4 Nb4 20. Bb1 Ne5 21. Nxe5 dxe5 22. f4 g5 23. fxg5 f4 24. Bh4 hxg5 25. Bxg5 Bf6 26. Bxf6 Rxf6 27. Rf1 Rg6 28. Rf3 Qf8 29. Qf2 Qh6 30. Kf1 Ba6 31. b3 Rf8 32. Ne2 Rf7 33. Rcc3 Rfg7 34. g4 fxg3 35. Rxg3 Rxg3 36. Rxg3 Bc8 37. h4 Rxg3 38. Qxg3+ Kh7 39. Qxe5 Qxh4 40. Qg3 Qf6+ 41. Ke1 Qa1 42. Nc3 Nc2+ 43. Kd2 Na3 44. Qe1 Qb2+ 45. Kd3 Qxb3 46. Qc1 Qxc4+ 47. Ke3 Qd4+ 48. Kf3 Qf6+ 49. Kg2 Qg6+ 50. Kf3 Qg4+ 51. Kf2 Qh4+ 52. Ke2 Bg4+ 53. Kd3 Qg3+ 54. Qe3 c4+ 55. Kd4 e5+ 56. dxe6 Qd6+ 57. Nd5 Nxb1 58. e5 Qc5+ 59. Ke4 Qxe3+ 60. Kxe3 Bxe6 61. Nxb6 Kg6 62. Kd4 c3 63. Kd3 Bf5+ 64. Ke2 c2 0-1

[Event "CZE-ch Youth B12 2022"]
[Site "Luhacovice"]
[Date "2022.03.16"]
[Round "6.4"]
[White "Kroulik, Vaclav"]
[Black "Vana, Jan"]
[Result "0-1"]
[ECO "B35"]
[WhiteElo "1645"]
[BlackElo "1609"]
[Annotator "NA"]
[PlyCount "74"]
[EventDate "2022.03.12"]
[EventType "swiss"]
[EventCountry "CZE"]
[SourceTitle "playchess.com"]
[Source "ChessBase"]
[SourceQuality "1"]
[TimeControl "5400+30"]

1. e4 c5 2. Nf3 Nc6 3. d4 cxd4 4. Nxd4 g6 5. Nc3 Bg7 6. Be3 Nf6 7. Bc4 O-O 8. f3 Qb6 9. Qd2 Nxe4 10. Nxc6 Qxc6 11. Nxe4 Qxc4 12. c3 d5 13. Ng3 e5 14. Ne2 Be6 15. O-O Rfd8 16. Rfd1 b5 17. b3 Qc7 18. h4 Rac8 19. Rac1 Qe7 20. h5 gxh5 21. Bh6 f6 22. Ng3 Bxh6 23. Qxh6 Qg7 24. Qxg7+ Kxg7 25. Nxh5+ Kg6 26. Ng3 Rc6 27. Kf2 Rdc8 28. Ne2 a5 29. Ke3 b4 30. Kd2 Bf5 31. g3 bxc3+ 32. Rxc3 Rxc3 33. Nxc3 d4 34. Ne4 Bxe4 35. fxe4 Rc3 36. Rg1 Re3 37. Rc1 Rxg3 0-1

[Event "CZE-ch Youth B12 2022"]
[Site "Luhacovice"]
[Date "2022.03.16"]
[Round "6.5"]
[White "Soucek, Andrej"]
[Black "Krautschneider, Daniel Jan"]
[Result "1/2-1/2"]
[ECO "B31"]
[WhiteElo "1399"]
[BlackElo "1304"]
[Annotator "NA"]
[PlyCount "63"]
[EventDate "2022.03.12"]
[EventType "swiss"]
[EventCountry "CZE"]
[SourceTitle "playchess.com"]
[Source "ChessBase"]
[SourceQuality "1"]
[TimeControl "5400+30"]

1. e4 c5 2. Nf3 Nc6 3. Bb5 g6 4. O-O Bg7 5. Bxc6 bxc6 6. e5 d5 7. exd6 exd6 8. h3 Ne7 9. Nc3 O-O 10. d3 d5 11. Bf4 Re8 12. Qd2 Nf5 13. Na4 Nd4 14. Nxd4 cxd4 15. b4 a5 16. a3 Be6 17. Nc5 Qb6 18. Rfe1 Ra7 19. Be5 Rea8 20. Bxg7 Kxg7 21. Rab1 axb4 22. Nxe6+ fxe6 23. Qxb4 Qxb4 24. Rxb4 Kf6 25. Rxd4 Rxa3 26. Rf4+ Ke7 27. Rf3 Ra1 28. Rfe3 Rxe1+ 29. Rxe1 Ra2 30. Re2 Kd6 31. f4 c5 32. Kf2 1/2-1/2